 Dungeon Crawl Stone Soup version 0.30.1-4-g462c640d31 (webtiles) character file.

Game seed: 14796847702912840013

943 Snagg the Chopper (level 7, -2/60 HPs)
             Began as a Minotaur Fighter on Aug 12, 2023.
             Was an Initiate of Ru.
             Slain by a gnoll
             ... wielding a +0 halberd
             ... led by a gnoll bouda
              (3 damage)
             ... on level 5 of the Dungeon.
             The game lasted 00:07:03 (3355 turns).

Snagg the Chopper (Minotaur Fighter)                Turns: 3355, Time: 00:07:04

Health: -2/60      AC:  7    Str: 20    XL:     7   Next: 88%
Magic:  0/8        EV: 10    Int:  7    God:    Ru [......]
Gold:   241        SH:  5    Dex: 10    Spells: 8/8 levels left

rFire   . . .        a - +0 war axe
rCold   . . .        c - +0 buckler
rNeg    . . .        b - +0 scale mail
rPois   .            (helmet restricted)
rElec   .            (no cloak)
rCorr   .            (no gloves)
SInv    .            (no boots)
Will    .....        k - amulet of guardian spirit Stlth
                     (no ring)
HPRegen 0.30/turn    (no ring)
MPRegen 0.11/turn

%: guardian spirit
@: no status effects
A: horns 2, retaliatory headbutt
a: Renounce Religion


You were on level 5 of the Dungeon.
You worshipped Ru.
Ru was noncommittal.
You visited 2 branches of the dungeon, and saw 6 of its levels.

You collected 241 gold pieces.

Inventory:

Hand Weapons
 a - a +0 war axe (weapon)
Missiles
 h - a boomerang (quivered)
Armour
 b - a +0 scale mail (worn)
 c - a +0 buckler (worn)
Jewellery
 k - an amulet of guardian spirit (around neck)
Scrolls
 d - a scroll of teleportation
 l - a scroll of blinking
Potions
 e - a potion of degeneration {unknown}
 f - a potion of lignification {unknown}
 g - 4 potions of magic
 i - 2 potions of flight {unknown}
 j - a potion of attraction {unknown}
 m - a potion of curing
 n - a potion of cancellation {unknown}
 o - a potion of might


   Skills:
 * Level 4.9 Fighting
 * Level 6.0 Axes
 * Level 2.8 Throwing
 * Level 5.7 Armour
 * Level 2.5 Dodging
 * Level 2.0 Stealth
 * Level 5.0 Shields
 * Level 1.4 Spellcasting


You had 8 spell levels left.
You didn't know any spells.
Your spell library contained the following spells:

 Spells                   Type           Power      Damage    Failure   Level
 Cigotuvi's Dreadful Rot  Necr/Pois/Air  0%         N/A       89%         2
 Gell's Gravitas          Tloc           0%         N/A       98%         3
 Ignite Poison            Fire/Tmut/Pois 0%         N/A       98%         3
 Portal Projectile        Hex/Tloc       0%         N/A       98%         3
 Teleport Other           Tloc           0%         N/A       98%         3
 Tukima's Dance           Hex            0%         N/A       98%         3
 Blade Hands              Tmut           0%         N/A       100%        5
 Freezing Cloud           Conj/Ice/Air   0%         6-21      100%        5
 Dispersal                Tloc           0%         N/A       100%        6


Dungeon Overview and Level Annotations

Branches:
Dungeon (6/15)             Temple (1/1) D:6

Altars:
Ashenzari
Dithmenos
Elyvilon
Kikubaaqudgha
Makhleb
Ru


Innate Abilities, Weirdness & Mutations

You have a pair of horns on your head.
You reflexively headbutt those who attack you in melee.


Message History

The gnoll is no longer moving quickly.
You block the gnoll's attack. The gnoll barely misses you.
You closely miss the gnoll.
The gnoll is almost dead.
The gnoll hits you with a +0 flail.
The gnoll hits you from afar with a +0 halberd.
You slash the gnoll!
You kill the gnoll!
The gnoll is no longer moving quickly.
The gnoll hits you from afar with a +0 halberd.
* * * LOW HITPOINT WARNING * * *
You block the gnoll's attack.
You barely miss the gnoll.
The gnoll hits you from afar with a +0 halberd.
* * * LOW HITPOINT WARNING * * *
The gnoll hits you with a +0 whip.
* * * LOW HITPOINT WARNING * * *
The gnoll closely misses you.
You closely miss the gnoll. You headbutt the gnoll.
The gnoll is lightly wounded.
You block the gnoll's attack. The gnoll closely misses you.
Unknown command.
You feel better. The gnoll closely misses you. x2
You hit the gnoll.
The gnoll is heavily wounded.
The gnoll hits you with a +0 whip!
* * * LOW HITPOINT WARNING * * *
The gnoll barely misses you. x2; You furiously retaliate!
You headbutt the gnoll. You slash the gnoll!
You kill the gnoll!
You block the gnoll's attack. x2
Your Axes skill increases to level 6!
The gnoll hits you with a +0 halberd!
* * * LOW HITPOINT WARNING * * *
Items here: )))) [ ††.
The gnoll hits you with a +0 halberd!
* * * LOW HITPOINT WARNING * * *
The gnoll hits you with a +0 halberd.
You die...

#...............
##...(.........#
.........|.....#.
##...............
##.........####.. #
..#....##.#####..# .#
#.#..............# ..#
#.†..<.....#######...###
..).#####....|).@.......
#†### #######g........
#.# #......... #.#
#......... ..#
#......... ...
......)... ..#
#.##...#.. ... #.#
...#.. ...


You could see a gnoll.

Vanquished Creatures
  A water moccasin (D:6)
  An ogre (D:5)
  A centaur (D:6)
  The ghost of Stellion the Insei, an amateur DgTm (D:3)
  A phantom (D:6)
  A kobold brigand (D:6)
  A bullfrog (D:6)
  2 howler monkeys
  A jelly (D:6)
  2 gnoll boudas
  A sleepcap (D:6)
  4 adders
  8 gnolls
  A shadow imp (D:6)
  A white imp (D:6)
  An ufetubus (D:6)
  3 worms
  2 dart slugs (D:3)
  An orc (D:6)
  6 endoplasms
  A giant cockroach (D:3)
  A goblin (D:2)
  2 hobgoblins
  2 jackals (D:5)
  10 kobolds
  A quokka (D:2)
  4 ball pythons
  5 bats
  A frilled lizard (D:1)
  3 rats
70 creatures vanquished.

Notes
Turn   | Place    | Note
-------+----------+-------------------------------------------
     0 | D:1      | Snagg the Minotaur Fighter began the quest for the Orb.
     0 | D:1      | Reached XP level 1. HP: 19/19 MP: 0/0
     3 | D:1      | Noticed an electric eel
    16 | D:1      | Noticed an electric eel
   226 | D:1      | Reached XP level 2. HP: 20/27 MP: 1/1
   639 | D:2      | Reached XP level 3. HP: 33/33 MP: 2/2
   817 | D:3      | Reached skill level 3 in Axes
   844 | D:3      | Noticed Stellion's ghost (amateur DgTm)
   845 | D:3      | Found a runed translucent door.
  1556 | D:3      | Killed Stellion's ghost
  1557 | D:3      | Reached skill level 4 in Axes
  1557 | D:3      | Reached skill level 1 in Dodging
  1557 | D:3      | Reached XP level 4. HP: 30/40 MP: 1/3
  1557 | D:3      | Reached XP level 5. HP: 34/46 MP: 1/4
  1632 | D:3      | You fall into a shaft and drop 3 floors!
  1633 | D:6      | Noticed a phantom
  1650 | D:6      | Killed a phantom
  1651 | D:6      | Reached skill level 1 in Throwing
  1651 | D:6      | Reached skill level 1 in Stealth
  1672 | D:6      | Found a broken altar of Ashenzari.
  1684 | D:6      | Reached XP level 6. HP: 40/53 MP: 4/6
  1692 | D:6      | Reached skill level 5 in Axes
  1858 | D:6      | Reached skill level 1 in Spellcasting
  1912 | D:6      | Found a staircase to the Ecumenical Temple.
  1968 | Temple   | Entered the Ecumenical Temple
  1978 | Temple   | Became a worshipper of Ru the Awakened
  2197 | D:6      | Reached skill level 5 in Armour
  2326 | D:6      | Reached XP level 7. HP: 60/60 MP: 7/7
  3234 | D:5      | Entered Level 5 of the Dungeon
  3340 | D:5      | Reached skill level 5 in Shields
  3353 | D:5      | Reached skill level 6 in Axes
  3354 | D:5      | HP: 1/60 [gnoll/+0 halberd[a gnoll bouda] (11)]
  3355 | D:5      | Slain by a gnoll

Illustrated notes

Levels and vault maps discovered:
D:1:      arrival_aquarium_b, layout_basic, minivault_24
D:2:      layout_loops_cross
D:3:      layout_loops_corners, hellmonk_ghost_happy_afterlife
D:5:      layout_loops_ring, minivault_4
D:6:      wad_crossroads, layout_basic, mainiacjoe_overflow_cross_hatched,
          minmay_temple_entry_hall
Temple:   nicolae_temple_bog_church

Skill      XL: |  1  2  3  4  5  6  7 |
---------------+----------------------+-----
Shields        | 4 5 |  5.0
Fighting       | 4 |  4.9
Axes           | 4 5 6 |  6.0
Armour         | 4 5 |  5.7
Dodging        | 1 2 |  2.5
Throwing       | 1 2 |  2.8
Stealth        | 1 2 |  2.0
Spellcasting   | 1 |  1.4

Action                     |  1- 3 |  4- 6 |  7- 9 || total
---------------------------+-------+-------+-------++-------
  Melee: War axe           |    75 |    54 |    44 ||   173
         Headbutt          |     7 |    10 |     7 ||    24
  Throw: Boomerang         |       |    14 |    27 ||    41
    Use: Potion            |     1 |       |     1 ||     2
         Scroll            |       |     2 |     2 ||     4
 Armour: Scale mail        |    42 |    19 |     9 ||    70
  Dodge: Dodged            |    30 |    31 |    37 ||    98
  Block: Buckler           |    17 |    14 |    19 ||    50
